ACL
ACL OAKLAND ATHLETICS @ ACL TAMPA BAY RAYS
06/14/2042
 
TOP OF THE 1ST
ACL Oakland Athletics batting - Pitching for ACL Tampa Bay Rays : RHP Dan Thomas
Pitching: RHP Dan Thomas
Batting: LHB Edmund Dunham 0-0: Foul Ball, location: 5SF
0-1: Ball
1-1: Foul Ball, location: 5DF
1-2: Strikes out swinging
Batting: RHB Lou Bradley 0-0: Ball
1-0: Called Strike
1-1: Foul Ball, location: 2LF
1-2: Ground out 5-3 (Groundball, 56S, EV 80.0 MPH)
Batting: RHB Jeff Swanson 0-0: Ball
1-0: Ball
2-0: Ball
3-0: Base on Balls
Batting: RHB Juan Bautista 0-0: Called Strike
0-1: Swinging Strike
0-2: Ball
1-2: Strikes out swinging
Top of the 1st over - 0 runs, 0 hits, 0 errors, 1 left on base; ACL Oakland 0 - ACL Tampa Bay 0
BOTTOM OF THE 1ST
ACL Tampa Bay Rays batting - Pitching for ACL Oakland Athletics : RHP Randy Stuart
Pitching: RHP Randy Stuart
Batting: LHB Marc González 0-0: Ball
1-0: Swinging Strike
1-1: Swinging Strike
1-2: Ball
2-2: TRIPLE (Groundball, 3L, EV 103.8 MPH)
Batting: RHB Joe Morrow 0-0: Foul Ball, location: 5FF
0-1: Ball
1-1: Ball
2-1: Called Strike
2-2: Foul Ball, location: 2F
2-2: Strikes out looking
Batting: LHB Dave Robbins 0-0: Called Strike
0-1: Called Strike
0-2: Ball
1-2: Ball
2-2: Ground out 6-3 (Groundball, 6, EV 106.9 MPH)
Marc González scores
Batting: RHB Shawn Shepard 0-0: Foul Ball, location: 9LMF
0-1: Ball
1-1: Ball
2-1: SINGLE (Groundball, 34D, EV 98.8 MPH)
Batting: SHB Héctor Montoya 0-0: Ball
1-0: Ball
2-0: Called Strike
2-1: Foul Ball, location: 3DF
2-2: Ball
3-2: Fly out, F9 (Line Drive, 9D, EV 93.1 MPH)
Bottom of the 1st over - 1 run, 2 hits, 0 errors, 1 left on base; ACL Oakland 0 - ACL Tampa Bay 1
TOP OF THE 2ND
ACL Oakland Athletics batting - Pitching for ACL Tampa Bay Rays : RHP Dan Thomas
Batting: RHB José Navarro 0-0: TRIPLE (Flyball, 9LD, EV 102.5 MPH)
Batting: SHB Chris Bailey 0-0: Called Strike
0-1: Ball
1-1: Foul Ball, location: 23F
1-2: Ball
2-2: Ground out U3 (Groundball, 3S, EV 87.5 MPH)
Batting: LHB Dave Anderson 0-0: Foul Ball, location: 3F
0-1: Foul Ball, location: 7LDF
0-2: Ball
1-2: Ball
2-2: Foul Ball, location: 2F
2-2: Ball
3-2: Strikes out looking
Batting: RHB Norm Goodman 0-0: Called Strike
0-1: Ground out 4-3 (Groundball, 13, EV 91.9 MPH)
Top of the 2nd over - 0 runs, 1 hit, 0 errors, 1 left on base; ACL Oakland 0 - ACL Tampa Bay 1
BOTTOM OF THE 2ND
ACL Tampa Bay Rays batting - Pitching for ACL Oakland Athletics : RHP Randy Stuart
Batting: RHB Rodrigo Garza 0-0: Ball
1-0: Ball
2-0: Ball
3-0: Base on Balls
Batting: RHB Brad Roberts 0-0: Ball
1-0: Called Strike
Rodrigo Garza steals 2nd base
1-1: Ball
2-1: Called Strike
2-2: Ball
3-2: DOUBLE (Flyball, 8RXD, EV 111.9 MPH)
Rodrigo Garza scores
Batting: RHB Dan Frank 0-0: Ground out 5-3 (Groundball, 56S, EV 83.8 MPH)
Batting: RHB Mike Land 0-0: Called Strike
0-1: Ball
1-1: Called Strike
1-2: Ball
2-2: Ball
3-2: Base on Balls
Batting: LHB Marc González 0-0: Ball
1-0: Called Strike
1-1: Swinging Strike
1-2: Ball
2-2: Ball
3-2: Foul Ball, location: 2F
3-2: Base on Balls
Brad Roberts to third
Mike Land to second
Batting: RHB Joe Morrow 0-0: Foul Ball, location: 5DF
0-1: Ball
1-1: Ball
2-1: Foul Ball, location: 25F
2-2: Ball
3-2: Ground out 5-3 (Groundball, 56S, EV 69.4 MPH)
Brad Roberts scores
Mike Land to third
Marc González to second
Batting: LHB Dave Robbins 0-0: Ball
1-0: Fly out, F4 (Popup, 23, EV 79.4 MPH)
Bottom of the 2nd over - 2 runs, 1 hit, 0 errors, 2 left on base; ACL Oakland 0 - ACL Tampa Bay 3
TOP OF THE 3RD
ACL Oakland Athletics batting - Pitching for ACL Tampa Bay Rays : RHP Dan Thomas
Batting: RHB Al Lane 0-0: Ball
1-0: Called Strike
1-1: Foul Ball, location: 2F
1-2: Strikes out swinging
Batting: LHB Edmund Dunham 0-0: Called Strike
0-1: Foul Ball, location: 5FF
0-2: Strikes out looking
Batting: RHB Lou Bradley 0-0: Foul Ball, location: 2F
0-1: Foul Ball, location: 2F
0-2: Strikes out looking
Top of the 3rd over - 0 runs, 0 hits, 0 errors, 0 left on base; ACL Oakland 0 - ACL Tampa Bay 3
BOTTOM OF THE 3RD
ACL Tampa Bay Rays batting - Pitching for ACL Oakland Athletics : RHP Randy Stuart
Batting: RHB Shawn Shepard 0-0: Ball
1-0: Ball
2-0: Swinging Strike
2-1: Foul Ball, location: 2F
2-2: SINGLE (Line Drive, 8RS, EV 105.6 MPH)
Batting: SHB Héctor Montoya 0-0: Ball
1-0: Ball
2-0: Ball
3-0: Base on Balls
Shawn Shepard to second
Batting: RHB Rodrigo Garza 0-0: Foul Ball, location: 2LF
0-1: Called Strike
0-2: Foul Ball, location: 2F
0-2: Ball
1-2: Ball
2-2: Grounds into double play, 3-6-1 (Groundball, 3, EV 102.5 MPH)
Shawn Shepard to third
Batting: RHB Brad Roberts 0-0: Ball
1-0: Ball
2-0: Called Strike
2-1: Called Strike
2-2: Foul Ball, location: 2RF
2-2: Ball
3-2: Foul Ball, location: 2F
3-2: Ground out 6-3 (Groundball, 6, EV 97.5 MPH)
Bottom of the 3rd over - 0 runs, 1 hit, 0 errors, 1 left on base; ACL Oakland 0 - ACL Tampa Bay 3
TOP OF THE 4TH
ACL Oakland Athletics batting - Pitching for ACL Tampa Bay Rays : RHP Dan Thomas
Batting: RHB Jeff Swanson 0-0: Ball
1-0: Ball
2-0: Ball
3-0: Base on Balls
Batting: RHB Juan Bautista 0-0: Foul Ball, location: 25F
0-1: Fly out, F7 (Flyball, 78XD, EV 97.5 MPH)
Batting: RHB José Navarro 0-0: Called Strike
0-1: Foul Ball, location: 5F
0-2: Foul Ball, location: 2RF
0-2: Fly out, F2 (Popup, 13S, EV 91.3 MPH)
Batting: SHB Chris Bailey 0-0: Called Strike
0-1: Ball
1-1: Ball
2-1: Called Strike
2-2: Strikes out swinging
Top of the 4th over - 0 runs, 0 hits, 0 errors, 1 left on base; ACL Oakland 0 - ACL Tampa Bay 3
BOTTOM OF THE 4TH
ACL Tampa Bay Rays batting - Pitching for ACL Oakland Athletics : RHP Randy Stuart
Batting: RHB Dan Frank 0-0: Foul Ball, location: 3F
0-1: Swinging Strike
0-2: Ball
1-2: Foul Ball, location: 2F
1-2: Foul Ball, location: 7LDF
1-2: Ball
2-2: Foul Ball, location: 5F
2-2: Ground out U3 (Groundball, 34S, EV 92.5 MPH)
Batting: RHB Mike Land 0-0: Called Strike
0-1: Ball
1-1: Foul Ball, location: 3SF
1-2: SOLO HOME RUN (Flyball, 7D, EV 98.8 MPH), Distance : 360 ft
Batting: LHB Marc González 0-0: Ball
1-0: Ball
2-0: Ball
3-0: Called Strike
3-1: Base on Balls
Pitching: LHP Al Wilson
Batting: RHB Joe Morrow 0-0: Called Strike
0-1: Swinging Strike
0-2: Ball
1-2: Foul Ball, location: 9LSFF
1-2: Ball
2-2: TRIPLE (Flyball, 78XD, EV 91.9 MPH)
Marc González scores
Batting: LHB Dave Robbins 0-0: Ball
1-0: Ball
2-0: Called Strike
2-1: Foul Ball, location: 7LMF
2-2: Ball
3-2: Ground out 4-3 (Groundball, 4, EV 78.1 MPH)
Joe Morrow scores
Batting: RHB Shawn Shepard 0-0: Ball
1-0: Called Strike
1-1: Foul Ball, location: 3FF
1-2: Foul Ball, location: 25F
1-2: Ball
2-2: Foul Ball, location: 2F
2-2: SINGLE (Line Drive, 4D, EV 95.6 MPH)
Batting: SHB Héctor Montoya 0-0: Ball
1-0: Swinging Strike
1-1: Called Strike
1-2: Ball
2-2: 2-RUN HOME RUN (Flyball, 9D, EV 96.3 MPH), Distance : 339 ft
Batting: RHB Rodrigo Garza 0-0: Called Strike
0-1: Called Strike
0-2: Strikes out swinging
Bottom of the 4th over - 5 runs, 4 hits, 0 errors, 0 left on base; ACL Oakland 0 - ACL Tampa Bay 8
TOP OF THE 5TH
ACL Oakland Athletics batting - Pitching for ACL Tampa Bay Rays : RHP Dan Thomas
Batting: LHB Dave Anderson 0-0: Called Strike
0-1: Ball
1-1: Swinging Strike
1-2: Strikes out swinging
Batting: RHB Norm Goodman 0-0: Ball
1-0: Ball
2-0: Swinging Strike
2-1: Ball
3-1: Base on Balls
Batting: RHB Al Lane 0-0: Called Strike
0-1: Called Strike
Norm Goodman steals 2nd base
0-2: Strikes out swinging
Batting: LHB Edmund Dunham 0-0: Ball
1-0: Ball
2-0: Ball
3-0: Called Strike
3-1: Foul Ball, location: 2F
3-2: Strikes out swinging
Top of the 5th over - 0 runs, 0 hits, 0 errors, 1 left on base; ACL Oakland 0 - ACL Tampa Bay 8
BOTTOM OF THE 5TH
ACL Tampa Bay Rays batting - Pitching for ACL Oakland Athletics : LHP Al Wilson
Batting: RHB Brad Roberts 0-0: Called Strike
0-1: Ball
1-1: Ball
2-1: Ball
3-1: Base on Balls
Batting: RHB Dan Frank 0-0: Ball
1-0: Ball
2-0: Called Strike
2-1: Called Strike
2-2: Ball
3-2: Fly out, F8 (Flyball, 89D, EV 75.6 MPH)
Batting: RHB Mike Land 0-0: Ball
1-0: Called Strike
1-1: Called Strike
1-2: DOUBLE (Line Drive, 9LD, EV 107.5 MPH)
Brad Roberts to third
Runner from 3rd tries for Home, SAFE, no throw by RF
Pitching: RHP Jim Unknown
Batting: LHB Marc González 0-0: Called Strike
0-1: Ball
1-1: Ball
2-1: Ball
3-1: Base on Balls
Batting: RHB Joe Morrow 0-0: Ball
1-0: Called Strike
1-1: Fly out, F7 (Flyball, 7LM, EV 85.6 MPH)
Batting: LHB Dave Robbins 0-0: Ball
1-0: Ball
2-0: Foul Ball, location: 25F
2-1: Ground out 4-3 (Groundball, 4, EV 83.8 MPH)
Bottom of the 5th over - 1 run, 1 hit, 0 errors, 2 left on base; ACL Oakland 0 - ACL Tampa Bay 9
TOP OF THE 6TH
ACL Oakland Athletics batting - Pitching for ACL Tampa Bay Rays : RHP Dan Thomas
Batting: RHB Lou Bradley 0-0: Ball
1-0: Ball
2-0: Ball
3-0: Called Strike
3-1: Called Strike
3-2: Base on Balls
Batting: RHB Jeff Swanson 0-0: Ball
1-0: Ball
2-0: Swinging Strike
2-1: Ball
3-1: Called Strike
3-2: Foul Ball, location: 9LMF
3-2: Base on Balls
Lou Bradley to second
Batting: RHB Juan Bautista 0-0: Called Strike
0-1: Ball
1-1: Called Strike
1-2: Grounds into double play, 6-4-3 (Groundball, 6, EV 101.3 MPH)
Lou Bradley to third
Batting: RHB José Navarro 0-0: Ball
1-0: Ball
2-0: Foul Ball, location: 5FF
2-1: Ball
3-1: Base on Balls
Batting: SHB Chris Bailey 0-0: Called Strike
0-1: Foul Ball, location: 2F
0-2: Foul Ball, location: 2F
0-2: Ball
1-2: Strikes out swinging
Top of the 6th over - 0 runs, 0 hits, 0 errors, 2 left on base; ACL Oakland 0 - ACL Tampa Bay 9
BOTTOM OF THE 6TH
ACL Tampa Bay Rays batting - Pitching for ACL Oakland Athletics : RHP Jim Unknown
Batting: RHB Shawn Shepard 0-0: Foul Ball, location: 25F
0-1: Foul Ball, location: 5F
0-2: Ball
1-2: Hit by Pitch
Batting: SHB Héctor Montoya 0-0: Ball
1-0: Ball
2-0: Ball
3-0: Base on Balls
Shawn Shepard to second
Batting: RHB Rodrigo Garza 0-0: Ball
1-0: Ball
2-0: Called Strike
2-1: Foul Ball, location: 2F
2-2: Ball
3-2: Base on Balls
Shawn Shepard to third
Héctor Montoya to second
Batting: RHB Brad Roberts 0-0: Ball
1-0: Swinging Strike
1-1: Foul Ball, location: 9LSF
1-2: Ball
2-2: Ball
3-2: Base on Balls
Shawn Shepard scores
Héctor Montoya to third
Rodrigo Garza to second
Batting: RHB Dan Frank 0-0: Called Strike
0-1: Ball
1-1: Hit by Pitch
Héctor Montoya scores
Rodrigo Garza to third
Brad Roberts to second
Batting: RHB Mike Land 0-0: Ball
1-0: Foul Ball, location: 2F
1-1: Swinging Strike
1-2: Strikes out looking
Batting: LHB Marc González 0-0: Called Strike
0-1: Ball
1-1: Grounds into fielders choice 1-2 (Groundball, 15S, EV 71.9 MPH)
Brad Roberts to third
Dan Frank to second
Batting: RHB Joe Morrow 0-0: Called Strike
0-1: Foul Ball, location: 25F
0-2: Strikes out swinging
Bottom of the 6th over - 2 runs, 0 hits, 0 errors, 3 left on base; ACL Oakland 0 - ACL Tampa Bay 11
TOP OF THE 7TH
ACL Oakland Athletics batting - Pitching for ACL Tampa Bay Rays : RHP Dan Thomas
Batting: LHB Dave Anderson 0-0: Called Strike
0-1: Called Strike
0-2: Ball
1-2: Ball
2-2: Foul Ball, location: 7LMF
2-2: SOLO HOME RUN (Flyball, 9D, EV 98.8 MPH), Distance : 365 ft
Pitching: RHP Willie Fisher
Batting: RHB Norm Goodman 0-0: Called Strike
0-1: Foul Ball, location: 5F
0-2: Strikes out swinging
Batting: RHB Al Lane 0-0: Called Strike
0-1: Ball
1-1: Ball
2-1: Foul Ball, location: 2F
2-2: Foul Ball, location: 7LSF
2-2: Strikes out swinging
Batting: LHB Edmund Dunham 0-0: Called Strike
0-1: Foul Ball, location: 3FF
0-2: Strikes out swinging
Top of the 7th over - 1 run, 1 hit, 0 errors, 0 left on base; ACL Oakland 1 - ACL Tampa Bay 11
BOTTOM OF THE 7TH
ACL Tampa Bay Rays batting - Pitching for ACL Oakland Athletics : RHP Jim Unknown
Batting: LHB Dave Robbins 0-0: Called Strike
0-1: Ball
1-1: Ball
2-1: Foul Ball, location: 23F
2-2: Foul Ball, location: 5SF
2-2: Foul Ball, location: 2RF
2-2: Ground out 5-3 (Groundball, 56, EV 107.5 MPH)
Batting: RHB Shawn Shepard 0-0: Ball
1-0: Foul Ball, location: 9LSF
1-1: Foul Ball, location: 2F
1-2: SOLO HOME RUN (Flyball, 78XD, EV 104.4 MPH), Distance : 421 ft
Batting: SHB Héctor Montoya 0-0: Ball
1-0: Called Strike
1-1: Swinging Strike
1-2: Strikes out swinging
Batting: RHB Rodrigo Garza 0-0: Ball
1-0: Ball
2-0: Ball
3-0: Called Strike
3-1: Base on Balls
Batting: RHB Brad Roberts 0-0: Ball
1-0: Ball
2-0: Ball
3-0: Called Strike
3-1: Base on Balls
Rodrigo Garza to second
Batting: RHB Dan Frank 0-0: Ball
1-0: Hit by Pitch
Rodrigo Garza to third
Brad Roberts to second
Batting: RHB Mike Land 0-0: Ball
1-0: Ball
2-0: Ball
3-0: Base on Balls
Rodrigo Garza scores
Brad Roberts to third
Dan Frank to second
Pitching: RHP Jim Unknown
Batting: LHB Marc González 0-0: Ball
1-0: Ball
2-0: GRAND SLAM HOME RUN (Flyball, 7LD, EV 95.0 MPH), Distance : 351 ft
Batting: RHB Joe Morrow 0-0: Ball
1-0: Called Strike
1-1: Ball
2-1: Ball
3-1: Base on Balls
Batting: LHB Dave Robbins 0-0: Called Strike
0-1: Ball
1-1: Called Strike
1-2: Ball
2-2: Fly out, F6 (Line Drive, 56D, EV 66.3 MPH)
Bottom of the 7th over - 6 runs, 2 hits, 0 errors, 1 left on base; ACL Oakland 1 - ACL Tampa Bay 17
TOP OF THE 8TH
ACL Oakland Athletics batting - Pitching for ACL Tampa Bay Rays : RHP Willie Fisher
Batting: RHB Lou Bradley 0-0: Ground out 6-3 (Groundball, 6, EV 83.1 MPH)
Batting: RHB Jeff Swanson 0-0: Called Strike
0-1: Ball
1-1: Ball
2-1: Called Strike
2-2: Ball
3-2: Strikes out swinging
Pinch Hitting: RHB Dan Irwin 0-0: Ball
1-0: Ball
2-0: Called Strike
2-1: Foul Ball, location: 2F
2-2: Ball
3-2: Foul Ball, location: 2F
3-2: Base on Balls
Batting: RHB José Navarro 0-0: Ball
1-0: Foul Ball, location: 2F
1-1: Called Strike
1-2: Ball
2-2: Ball
3-2: Base on Balls
Dan Irwin to second
Batting: SHB Chris Bailey 0-0: Called Strike
0-1: Called Strike
0-2: Strikes out looking
Top of the 8th over - 0 runs, 0 hits, 0 errors, 2 left on base; ACL Oakland 1 - ACL Tampa Bay 17
BOTTOM OF THE 8TH
ACL Tampa Bay Rays batting - Pitching for ACL Oakland Athletics : RHP Jim Unknown
Now in RF: Doug Dundee
Batting: RHB Shawn Shepard 0-0: Swinging Strike
0-1: Swinging Strike
0-2: Ball
1-2: Strikes out swinging
Batting: SHB Héctor Montoya 0-0: Ball
1-0: Called Strike
1-1: Ball
2-1: Foul Ball, location: 5F
2-2: Ball
3-2: Foul Ball, location: 5F
3-2: Fly out, F8 (Flyball, 78S, EV 81.3 MPH)
Batting: RHB Rodrigo Garza 0-0: Ball
1-0: Called Strike
1-1: Ball
2-1: Called Strike
2-2: Strikes out looking
Bottom of the 8th over - 0 runs, 0 hits, 0 errors, 0 left on base; ACL Oakland 1 - ACL Tampa Bay 17
TOP OF THE 9TH
ACL Oakland Athletics batting - Pitching for ACL Tampa Bay Rays : RHP Willie Fisher
Batting: LHB Dave Anderson 0-0: Called Strike
0-1: Swinging Strike
0-2: Strikes out swinging
Pinch Hitting: RHB Jorge Colomo 0-0: Ball
1-0: Called Strike
1-1: Ball
2-1: Called Strike
2-2: Strikes out swinging
Pinch Hitting: RHB Jeremy Veeck 0-0: Ball
1-0: Ball
2-0: Ball
3-0: Called Strike
3-1: Swinging Strike
3-2: Foul Ball, location: 23F
3-2: Strikes out swinging
Top of the 9th over - 0 runs, 0 hits, 0 errors, 0 left on base; ACL Oakland 1 - ACL Tampa Bay 17
Friday, May 3rd , 2024 - OOTP Baseball 24.10 Build 82